[Event "December 12 Late 2023"]
[Site "https://www.chess.com"]
[Date "2023.12.12"]
[Round "4"]
[White "Dragomirescu, Robin-Alexandru"]
[Black "Kadric, Denis"]
[Result "1-0"]
[Board "41"]
[TimeControl "180+1"]
[WhiteFideId "1213849"]
[BlackFideId "14403803"]
[WhiteElo "2557"]
[BlackElo "2811"]
[WhiteTeam "ROU"]
[BlackTeam "MNE"]
[WhiteClock "0:00:21"]
[BlackClock "0:00:01"]

1. b3 d6 2. Bb2 e5 3. e3 g6 4. d4 Bg7 5. dxe5 Nd7 6. Nf3 Nh6 7. Nc3 dxe5 8. e4 c6 9. a4 a5 10. Bc4 O-O 11. O-O Re8 12. h3 Qf6 13. Bc1 Qe7 14. Bg5 Qf8 15. Qd2 Nb6 16. Be2 Be6 17. Rad1 f6 18. Be3 Nd7 19. Qd6 Nf7 20. Qxf8+ Bxf8 21. Nd2 Bb4 22. Na2 Bc5 23. Nc4 Bxe3 24. Nxe3 Nb6 25. Nc3 Kf8 26. Rd2 Red8 27. Rfd1 Rxd2 28. Rxd2 Ke7 29. Bg4 Nd8 30. Kf1 h5 31. Bxe6 Nxe6 32. f3 h4 33. Ne2 Nc8 34. Kf2 Nd6 35. Rd1 Nc5 36. Nc3 Ke6 37. Rd2 f5 38. exf5+ gxf5 39. Re2 b5 40. axb5 cxb5 41. Ned5 Rc8 42. Nf4+ Kd7 43. Rxe5 Nxb3 44. Nfd5 Nd4 45. Nb6+ Kc7 46. Nxc8 Kxc8 47. Rd5 1-0

[Event "December 12 Late 2023"]
[Site "https://www.chess.com"]
[Date "2023.12.12"]
[Round "4"]
[White "Brodsky, David"]
[Black "Play, Gilles"]
[Result "0-1"]
[Board "42"]
[TimeControl "180+1"]
[WhiteFideId "2073250"]
[BlackFideId "45130892"]
[WhiteElo "2802"]
[BlackElo "2555"]
[WhiteTeam "USA"]
[BlackTeam "FRA"]
[WhiteClock "0:00:02"]
[BlackClock "0:00:12"]

1. d4 Nf6 2. Nf3 c6 3. c4 d5 4. cxd5 cxd5 5. Nc3 Nc6 6. Bf4 Qb6 7. e3 Qxb2 8. Rc1 Bf5 9. Bb5 e6 10. O-O Ba3 11. Qa4 O-O 12. Nh4 Qb4 13. Nxf5 exf5 14. Rc2 Rfc8 15. Rb1 Qxa4 16. Nxa4 Nb4 17. Rxc8+ Rxc8 18. Nc5 Nxa2 19. Nxb7 Nc3 20. Ra1 Nxb5 21. h3 Rc1+ 22. Rxc1 Bxc1 23. Kf1 Nxd4 24. Bb8 Nc6 25. Bd6 Ne4 26. Bc7 d4 27. exd4 Nxd4 28. Be5 Nc6 29. Bc7 Bd2 30. Ke2 a5 31. f3 Bb4 32. fxe4 fxe4 33. Ke3 f5 34. g4 g6 35. gxf5 gxf5 36. Bd6 Kf7 37. Kf4 Ke6 38. Bxb4 axb4 39. Nc5+ Kd5 40. Na4 Nd4 41. Nb2 Ke6 42. Ke3 Nc6 43. Kf4 Ne5 44. Ke3 Kd5 45. Na4 Nc4+ 46. Kf4 b3 47. Kxf5 e3 48. Nc3+ Kd4 49. Ne2+ Kd3 50. Nf4+ Kd2 51. Ke4 b2 0-1

[Event "December 12 Late 2023"]
[Site "https://www.chess.com"]
[Date "2023.12.12"]
[Round "4"]
[White "Keleberda, Tymur"]
[Black "Holt, Conrad"]
[Result "0-1"]
[Board "43"]
[TimeControl "180+1"]
[WhiteFideId "14174294"]
[BlackFideId "2034387"]
[WhiteElo "2550"]
[BlackElo "2801"]
[WhiteTeam "CAN"]
[BlackTeam "USA"]
[WhiteClock "0:00:06"]
[BlackClock "0:00:47"]

1. e4 e6 2. d4 d5 3. Nc3 Nf6 4. e5 Nfd7 5. f4 c5 6. Nf3 Nc6 7. Ne2 Qb6 8. c3 f6 9. g3 Be7 10. Bh3 cxd4 11. exf6 Nxf6 12. Nexd4 e5 13. fxe5 Bxh3 14. exf6 Bxf6 15. Qe2+ Kf7 16. Be3 Rhe8 17. O-O-O Na5 18. Qf2 Nc4 19. Bg5 Kg8 20. Rhe1 Re4 21. Bxf6 Qxf6 22. Rxe4 dxe4 23. Qe2 exf3 24. Qxc4+ Kh8 25. Qd5 f2 26. Nf3 f1=Q 27. Rxf1 Bxf1 28. Ne5 Rf8 29. Nd7 Qh6+ 30. Kc2 Rf2+ 31. Kb3 Qd2 32. Qe5 Qxb2+ 33. Ka4 b5+ 34. Ka5 Qa3# 0-1

[Event "December 12 Late 2023"]
[Site "https://www.chess.com"]
[Date "2023.12.12"]
[Round "4"]
[White "Asish Panda"]
[Black "Volodin, Aleksandr"]
[Result "0-1"]
[Board "44"]
[TimeControl "180+1"]
[WhiteFideId "45012458"]
[BlackFideId "4501950"]
[WhiteElo "2540"]
[BlackElo "2793"]
[WhiteTeam "IND"]
[BlackTeam "EST"]
[WhiteClock "0:00:03"]
[BlackClock "0:01:02"]

1. e4 c5 2. Nf3 d6 3. d4 cxd4 4. Qxd4 Nc6 5. Bb5 a6 6. Bxc6+ bxc6 7. c4 e5 8. Qd3 Ne7 9. Nc3 Ng6 10. Be3 Be7 11. O-O O-O 12. Rfd1 f5 13. b4 Rb8 14. a3 Be6 15. Rac1 Rb7 16. c5 fxe4 17. Nxe4 d5 18. Nd6 Ra7 19. Qb3 Kh8 20. Qa4 Qd7 21. Ng5 Bg8 22. f3 d4 23. Bf2 Bxg5 24. Rc2 Bd5 25. Re2 h6 26. Rde1 d3 27. Rxe5 Nxe5 28. Rxe5 Bf4 29. Rh5 d2 30. Qc2 Qe6 31. g3 Be3 32. Kg2 Bxf3+ 33. Kg1 Bxf2+ 0-1

[Event "December 12 Late 2023"]
[Site "https://www.chess.com"]
[Date "2023.12.12"]
[Round "4"]
[White "Silva, Kaua Marques"]
[Black "Troff, Kayden"]
[Result "1-0"]
[Board "45"]
[TimeControl "180+1"]
[WhiteFideId "22701168"]
[BlackFideId "2047896"]
[WhiteElo "2538"]
[BlackElo "2786"]
[WhiteTeam "BRA"]
[BlackTeam "USA"]
[WhiteClock "0:00:06"]
[BlackClock "0:00:03"]

1. e4 c5 2. Nf3 g6 3. c3 Bg7 4. d4 cxd4 5. cxd4 d5 6. Ne5 dxe4 7. Bb5+ Nd7 8. Nc3 Nf6 9. O-O O-O 10. Bg5 a6 11. Ba4 h6 12. Be3 b5 13. Bb3 Bb7 14. Re1 e6 15. h3 Nxe5 16. dxe5 Nd7 17. Bd4 Nxe5 18. Bxe5 Bxe5 19. Nxe4 Bxe4 20. Rxe4 Bxb2 21. Rb1 Qxd1+ 22. Rxd1 Rfd8 23. Rxd8+ Rxd8 24. Re2 Bc3 25. Rc2 b4 26. a3 a5 27. axb4 axb4 28. Ra2 Kg7 29. Ra7 Kf6 30. Rb7 Rd2 31. Ba4 Rd8 32. Kf1 g5 33. Ke2 h5 34. Ke3 Bd4+ 35. Ke2 Bc3 36. Ke3 Ra8 37. Bd1 Ra3 38. Bxh5 b3 39. Rxf7+ Ke5 40. Rb7 b2 41. Kd3 Bd4+ 42. Kc2 Rc3+ 43. Kd2 Rc1 44. Bg6 Rf1 45. f3 Rf2+ 46. Kd3 Kd5 47. Rb5+ Kc6 48. Be8+ Kd6 49. Kxd4 Rxg2 50. Rb6+ Ke7 51. Bg6 Kf6 52. Be4 Rh2 53. Ke3 Ke5 54. Rb5+ Kf6 55. Bd3 Rxh3 56. Rxb2 g4 57. Be4 gxf3 58. Bxf3 Rh8 59. Rb3 Rc8 60. Kf4 Rc5 61. Be4 Rg5 62. Rb6 Rh5 63. Ke3 Rh3+ 64. Bf3 Rh4 65. Kf2 Ke5 66. Kg3 Ra4 67. Bg4 Ra3+ 68. Kh4 Ra8 69. Rxe6+ Kd5 70. Re2 Rh8+ 71. Kg3 Rf8 72. Bf3+ Kd4 73. Kf2 Rf7 74. Re8 Rf6 75. Ke2 Rf7 76. Re4+ Kc5 77. Ke3 Ra7 78. Re5+ Kd6 79. Rd5+ Ke6 80. Rd4 Ke5 81. Rb4 Ra3+ 82. Kf2 Kf5 83. Rb5+ Kf4 84. Rb4+ Kf5 85. Kg3 Ke5 86. Re4+ Kf5 87. Re8 Ra4 88. Rb8 Ke5 89. Rb5+ Kf6 90. Bg4 Ra3+ 91. Kf4 Ra4+ 92. Kg3 Ra3+ 93. Bf3 Ra4 94. Rc5 Rb4 95. Bg4 Rb3+ 96. Kh4 Rb4 97. Rf5+ Ke7 98. Kg5 Kd6 99. Bf3 Rc4 100. Rd5+ Ke6 101. Ra5 Rb4 102. Bg4+ Kd6 103. Bf5 Rb8 104. Kf4 Re8 105. Be4 Rf8+ 106. Ke3 Rb8 107. Rd5+ Ke6 108. Rc5 Rd8 109. Kf4 Kd6 110. Rc6+ Kd7 111. Ra6 Re8 112. Bc6+ Ke7 113. Bxe8 Kxe8 114. Ra7 1-0

[Event "December 12 Late 2023"]
[Site "https://www.chess.com"]
[Date "2023.12.12"]
[Round "4"]
[White "Roberson, Peter T"]
[Black "Matinian, Nikita"]
[Result "1-0"]
[Board "46"]
[TimeControl "180+1"]
[WhiteFideId "412384"]
[BlackFideId "24129100"]
[WhiteElo "2538"]
[BlackElo "2779"]
[WhiteTeam "ENG"]
[BlackTeam "FID"]
[WhiteClock "0:00:13"]
[BlackClock "0:00:39"]

1. Nc3 c5 2. e4 Nc6 3. Bb5 Nd4 4. Bc4 e6 5. Nge2 a6 6. d3 b5 7. Bb3 Nxb3 8. axb3 Bb7 9. O-O Nf6 10. Bg5 h6 11. Bh4 Be7 12. f4 g5 13. fxg5 Ng4 14. Qd2 Bxg5 15. Bxg5 Qxg5 16. Qf4 Qxf4 17. Nxf4 Ke7 18. h3 Ne5 19. Nh5 Rhg8 20. Rf2 Rg5 21. Nf6 b4 22. Na4 d6 23. Raf1 Rb8 24. Ng4 Rxg4 25. hxg4 Rg8 26. Nb6 Rg7 27. Nc4 Nxg4 28. Rxf7+ Rxf7 29. Rxf7+ Kxf7 30. Nxd6+ Ke7 31. Nxb7 Ne3 32. c3 Nd1 33. Nxc5 a5 34. cxb4 axb4 35. Na6 Nxb2 36. Nxb4 e5 37. Kf2 Kd6 38. Ke2 Kc5 39. Nc2 h5 40. g3 Kb5 41. Kd2 Kc5 42. Ne3 Kd4 43. Nf5+ Kc5 44. Kc2 1-0

[Event "December 12 Late 2023"]
[Site "https://www.chess.com"]
[Date "2023.12.12"]
[Round "4"]
[White "Silva Lucena, Cristian"]
[Black "Korchmar, Vasiliy"]
[Result "1-0"]
[Board "47"]
[TimeControl "180+1"]
[WhiteFideId "2232588"]
[BlackFideId "24131750"]
[WhiteElo "2536"]
[BlackElo "2767"]
[WhiteTeam "ESP"]
[BlackTeam "RUS"]
[WhiteClock "0:00:34"]
[BlackClock "0:00:03"]

1. d4 Nf6 2. c4 e6 3. Nc3 d5 4. cxd5 exd5 5. Bg5 c6 6. e3 Be7 7. Bd3 Nbd7 8. Nge2 Nf8 9. Qc2 Ne6 10. Bh4 g6 11. O-O O-O 12. Rab1 c5 13. dxc5 Nxc5 14. Rbd1 Be6 15. Nd4 Rc8 16. Qe2 Bg4 17. f3 Be6 18. Nxe6 Nxe6 19. Bb1 d4 20. exd4 Nxd4 21. Qf2 Bc5 22. Kh1 Qd6 23. Bxf6 Qxf6 24. Ne4 Qb6 25. Nxc5 Rxc5 26. Qxd4 Rfc8 27. b3 a5 28. Be4 Qc7 29. Qd6 Qxd6 30. Rxd6 b5 31. Rfd1 Kg7 32. Kg1 b4 33. Bd3 Rc3 34. Bc4 Rc7 35. Kf2 a4 36. R6d3 Rc2+ 37. R1d2 Rc1 38. Kg3 a3 39. Rd5 Ra1 40. Rb5 Re7 41. Rxb4 Ree1 42. Ra4 h5 43. Rxa3 g5 44. h4 gxh4+ 45. Kxh4 Rh1+ 46. Kg3 h4+ 47. Kg4 Rag1 48. Ra7 h3 49. Rxf7+ Kg6 50. Rd6# 1-0

[Event "December 12 Late 2023"]
[Site "https://www.chess.com"]
[Date "2023.12.12"]
[Round "4"]
[White "Rodgers, Jack"]
[Black "Kozak, Antoni"]
[Result "0-1"]
[Board "48"]
[TimeControl "180+1"]
[WhiteFideId "3220885"]
[BlackFideId "21832030"]
[WhiteElo "2534"]
[BlackElo "2764"]
[WhiteTeam "AUS"]
[BlackTeam "POL"]
[WhiteClock "0:00:10"]
[BlackClock "0:01:05"]

1. d4 Nf6 2. Bg5 e6 3. e4 d5 4. e5 h6 5. Be3 Nfd7 6. c3 c5 7. Nf3 Nc6 8. Bd3 Qb6 9. b3 cxd4 10. cxd4 Bb4+ 11. Kf1 g5 12. g4 h5 13. gxh5 g4 14. Ng5 Nxd4 15. Qxg4 Bc5 16. Qf4 Nf5 17. Bxf5 Bxe3 18. fxe3 exf5 19. Qxf5 Rf8 20. Nh7 Qxe3 21. Na3 Nxe5 22. Nf6+ Kd8 23. Qf2 Bh3+ 24. Kg1 Nf3# 0-1

[Event "December 12 Late 2023"]
[Site "https://www.chess.com"]
[Date "2023.12.12"]
[Round "4"]
[White "Postny, Evgeny"]
[Black "Sroczynski, Maciej"]
[Result "1-0"]
[Board "49"]
[TimeControl "180+1"]
[WhiteFideId "2804344"]
[BlackFideId "1121472"]
[WhiteElo "2763"]
[BlackElo "2534"]
[WhiteTeam "ISR"]
[BlackTeam "POL"]
[WhiteClock "0:00:09"]
[BlackClock "0:01:02"]

1. e4 c5 2. Nf3 d6 3. d4 cxd4 4. Nxd4 Nf6 5. Nc3 a6 6. Be3 e5 7. Nf3 Be7 8. Be2 h6 9. O-O Be6 10. Re1 Nbd7 11. Bf1 b5 12. a3 O-O 13. h3 Rc8 14. Nd2 Nb6 15. Bd3 Qc7 16. Qf3 Rfd8 17. Rad1 Nc4 18. Nxc4 Bxc4 19. Qg3 Kh8 20. Kh1 Qc6 21. f3 a5 22. Rd2 b4 23. axb4 axb4 24. Nd1 Be6 25. b3 Nh5 26. Qf2 Bg5 27. Bxg5 hxg5 28. h4 g4 29. fxg4 Bxg4 30. Qxf7 Rf8 31. Qg6 Qd7 32. Ne3 Bf3 33. gxf3 Qh3+ 34. Kg1 Rxf3 35. Qxh5+ Kg8 36. Nf5 Rf4 37. Rg2 Rc7 38. Qe8+ Kh7 39. Qh5+ Kg8 40. Bc4+ Rxc4 41. Rxg7+ Kf8 42. Qh8# 1-0

[Event "December 12 Late 2023"]
[Site "https://www.chess.com"]
[Date "2023.12.12"]
[Round "4"]
[White "Rama, Tejas"]
[Black "Atakhan, Abtin"]
[Result "0-1"]
[Board "50"]
[TimeControl "180+1"]
[WhiteFideId "30907381"]
[BlackFideId "22502203"]
[WhiteElo "2531"]
[BlackElo "2758"]
[WhiteTeam "USA"]
[BlackTeam "IRI"]
[WhiteClock "0:00:00"]
[BlackClock "0:00:16"]

1. d4 Nf6 2. c4 g6 3. Nf3 Bg7 4. Nc3 d5 5. Qb3 dxc4 6. Qxc4 O-O 7. e4 Nc6 8. Be2 e5 9. d5 Nd4 10. Nxd4 exd4 11. Qxd4 c6 12. Qc4 b5 13. Qxc6 Bd7 14. Qd6 Re8 15. e5 b4 16. Qxb4 Rxe5 17. O-O Nxd5 18. Nxd5 Rxd5 19. Bf3 Rb5 20. Qa3 Rab8 21. Qxa7 Be6 22. Bf4 Bd4 23. Qa4 Rb4 24. Qd1 Rc8 25. a3 Rxb2 26. Rc1 Qb6 27. Rxc8+ Bxc8 28. Bg3 Ba6 29. Re1 Bxf2+ 30. Bxf2 Qxf2+ 31. Kh1 Kg7 32. Qa1 Kf8 33. a4 g5 34. Qa3+ Kg7 35. Qc3+ Kg6 36. Qc6+ Kg7 37. Qc3+ Kg6 38. Rc1 Bf1 39. Be4+ f5 40. Qc6+ Kh5 41. Bf3+ g4 42. Qe8+ Kg5 43. Qe7+ Kh5 44. Qf7+ Kg5 45. Qg7+ Kh5 46. Qxh7+ Kg5 47. Qg7+ Kh5 48. Qf7+ Kg5 49. Qg8+ Kh5 50. Qh8+ Kg5 51. h4+ Kf4 52. Qh6+ Kg3 53. Qd6+ f4 54. Rc5 Bxg2+ 0-1

[Event "December 12 Late 2023"]
[Site "https://www.chess.com"]
[Date "2023.12.12"]
[Round "4"]
[White "Rastbod, Ali"]
[Black "Ferreira, Vitor Hugo Vieira"]
[Result "0-1"]
[Board "51"]
[TimeControl "180+1"]
[WhiteFideId "12567477"]
[BlackFideId "2119765"]
[WhiteElo "2748"]
[BlackElo "2530"]
[WhiteTeam "IRI"]
[BlackTeam "BRA"]
[WhiteClock "0:00:00"]
[BlackClock "0:00:44"]

1. Nf3 d5 2. g3 c6 3. Bg2 Bf5 4. O-O Nf6 5. d3 e6 6. Nbd2 h6 7. Qe1 Be7 8. e4 Bh7 9. Qe2 O-O 10. h3 Nbd7 11. e5 Ne8 12. Re1 a5 13. Nf1 a4 14. N1h2 b5 15. h4 b4 16. h5 b3 17. c3 Nc5 18. d4 Nd3 19. axb3 Nxe1 20. Nxe1 axb3 21. Rxa8 Qxa8 22. Ng4 Qa1 23. Bf4 Qb1 24. Kh2 Be4 25. f3 Bf5 26. Ne3 f6 27. Nxf5 Qxf5 28. Bh3 Qxh5 29. exf6 Rxf6 30. Nd3 Bd6 31. Bxd6 Nxd6 32. Nf4 Qe8 33. Nxe6 Nf5 34. Bxf5 Rxf5 35. Nf4 Qxe2+ 36. Nxe2 Rxf3 37. Kg2 Rd3 38. Kf2 Rd2 39. Ke3 Rxb2 40. Nc1 Rb1 0-1

[Event "December 12 Late 2023"]
[Site "https://www.chess.com"]
[Date "2023.12.12"]
[Round "4"]
[White "Rogov, Matfey"]
[Black "Adewumi, Tanitoluwa"]
[Result "0-1"]
[Board "52"]
[TimeControl "180+1"]
[WhiteFideId "44191308"]
[BlackFideId "30966396"]
[WhiteElo "2527"]
[BlackElo "2745"]
[WhiteTeam "RUS"]
[BlackTeam "USA"]
[WhiteClock "0:00:00"]
[BlackClock "0:00:05"]

1. e4 c5 2. Nc3 Nc6 3. f4 e6 4. Nf3 d5 5. Bb5 Nf6 6. Bxc6+ bxc6 7. d3 c4 8. e5 Nd7 9. dxc4 Ba6 10. O-O Bxc4 11. Re1 Bc5+ 12. Kh1 Ba6 13. a3 Bf2 14. b4 Bxe1 15. Qxe1 c5 16. f5 Bb7 17. Qg3 g6 18. Nb5 O-O 19. f6 Bc6 20. Qg5 d4 21. Qh6 Nxf6 22. Bg5 Ng4 23. Qh4 f6 24. exf6 Nxf6 25. Re1 Bxf3 26. gxf3 Qd5 27. Kg2 Nh5 28. Re4 cxb4 29. Nc7 Qc4 30. Nxe6 Qxc2+ 31. Kh3 Rxf3+ 32. Kg4 Qxe4+ 33. Nf4 Rxf4+ 34. Bxf4 Qxf4+ 35. Kh3 Qf3+ 0-1

[Event "December 12 Late 2023"]
[Site "https://www.chess.com"]
[Date "2023.12.12"]
[Round "4"]
[White "Bolourchifard, Farzad"]
[Black "Kopczynski, Michal"]
[Result "1-0"]
[Board "53"]
[TimeControl "180+1"]
[WhiteFideId "12510084"]
[BlackFideId "1124200"]
[WhiteElo "2731"]
[BlackElo "2526"]
[WhiteTeam "IRI"]
[BlackTeam "POL"]
[WhiteClock "0:00:51"]
[BlackClock "0:01:48"]

1. d4 Nf6 2. Nf3 g6 3. Bg5 Bg7 4. e3 d6 5. Be2 O-O 6. O-O Nfd7 7. c4 Nc6 8. Nc3 h6 9. Bh4 g5 10. Bg3 f5 11. d5 Nce5 12. Nd4 Nb6 13. b3 f4 14. exf4 gxf4 15. Bh4 Ng6 16. g3 Nxh4 17. gxh4 f3 18. Bxf3 Bxd4 19. Qxd4 Rxf3 20. Kh1 h5 21. Rg1+ Bg4 22. Rxg4+ hxg4 23. Qxg4+ Kh8 24. Qh5+ Kg7 25. Rg1+ Kf8 26. Qxf3+ Ke8 27. Rg8+ Kd7 28. Qf5+ 1-0

[Event "December 12 Late 2023"]
[Site "https://www.chess.com"]
[Date "2023.12.12"]
[Round "4"]
[White "Fier, Alexandr"]
[Black "Lin, Bryan Enming"]
[Result "1-0"]
[Board "54"]
[TimeControl "180+1"]
[WhiteFideId "2107139"]
[BlackFideId "30987121"]
[WhiteElo "2729"]
[BlackElo "2523"]
[WhiteTeam "BRA"]
[BlackTeam "USA"]
[WhiteClock "0:01:08"]
[BlackClock "0:00:02"]

1. Nf3 Nf6 2. g3 g6 3. Bg2 Bg7 4. O-O O-O 5. d3 d5 6. Nc3 d4 7. Na4 Nfd7 8. c4 c5 9. b4 cxb4 10. a3 b3 11. Qxb3 Nc6 12. Bd2 Re8 13. Ng5 h6 14. Ne4 Qc7 15. Rab1 e5 16. Nec5 Rb8 17. Nxd7 Bxd7 18. Nc5 Bg4 19. Rfe1 Bc8 20. Qa4 Bf5 21. Nxb7 e4 22. Nc5 exd3 23. Bxc6 Rxb1 24. Rxb1 dxe2 25. Bxe8 Bxb1 26. Qb5 Bf5 27. Bd7 Qe5 28. Be1 d3 29. Bxf5 d2 30. Bxd2 e1=Q+ 31. Bxe1 Qxe1+ 32. Kg2 gxf5 33. Qd7 Qe5 34. Qd5 Qb2 35. Nd3 Qxa3 36. c5 Qa5 37. Qxf5 Qc7 38. Qd5 Bf8 39. c6 Bd6 40. Nc5 Bxc5 41. Qxc5 Kg7 42. Qd5 Kf6 43. h4 a5 44. g4 a4 45. g5+ hxg5 46. Qxg5+ Ke6 47. Qg4+ Kf6 48. Qxa4 Qe5 49. Qc4 Qc7 50. Qd4+ Kg6 51. Qe4+ Kh5 52. Qh7+ Kg4 53. Qg7+ Kf5 54. Qg5+ Ke6 55. Qc1 Kf5 56. h5 f6 57. h6 Kg6 58. f3 Kh7 59. Qb1+ Kxh6 60. Qe4 Kg7 61. Kh3 Qc8+ 62. Kh4 Qh8+ 63. Kg4 Qc8+ 64. Kf4 Qb8+ 65. Kf5 Qc7 66. Qd5 Qc8+ 67. Qd7+ Qxd7+ 68. cxd7 1-0

[Event "December 12 Late 2023"]
[Site "https://www.chess.com"]
[Date "2023.12.12"]
[Round "4"]
[White "Osmak, Yuliia"]
[Black "Cardoso Cardoso, Jose Gabriel"]
[Result "1-0"]
[Board "55"]
[TimeControl "180+1"]
[WhiteFideId "14101602"]
[BlackFideId "4430492"]
[WhiteElo "2523"]
[BlackElo "2723"]
[WhiteTeam "UKR"]
[BlackTeam "COL"]
[WhiteClock "0:01:07"]
[BlackClock "0:01:26"]

1. e4 g6 2. d4 d6 3. f4 Bg7 4. Nc3 Nc6 5. Be3 e5 6. dxe5 dxe5 7. Qxd8+ Kxd8 8. O-O-O+ Bd7 9. Nd5 Kc8 10. Nf3 h6 11. Bc4 Be6 12. Rhf1 a6 13. Bb3 b5 14. fxe5 Nxe5 15. Bd4 f6 16. Nb6+ cxb6 17. Bxe6+ Kb8 18. Bxe5+ fxe5 19. Rd8+ Kb7 20. Bd5+ Kc7 21. Rxa8 Nf6 22. Ra7+ 1-0

[Event "December 12 Late 2023"]
[Site "https://www.chess.com"]
[Date "2023.12.12"]
[Round "4"]
[White "Morris-Suzuki, Alan H"]
[Black "Pakleza, Zbigniew"]
[Result "1-0"]
[Board "56"]
[TimeControl "180+1"]
[WhiteFideId "30933218"]
[BlackFideId "1119290"]
[WhiteElo "2522"]
[BlackElo "2719"]
[WhiteTeam "USA"]
[BlackTeam "POL"]
[WhiteClock "0:00:14"]
[BlackClock "0:00:00"]

1. Nf3 d5 2. c4 c6 3. e3 Nf6 4. Nc3 Bg4 5. cxd5 Bxf3 6. Qxf3 cxd5 7. d4 e6 8. Bd3 Nc6 9. O-O Be7 10. Bd2 O-O 11. Qh3 g6 12. f4 Re8 13. Rac1 Rc8 14. g4 Qd7 15. Kh1 Bf8 16. Qh4 Bg7 17. f5 exf5 18. gxf5 Qd8 19. fxg6 hxg6 20. Rf3 Ne4 21. Qf4 f5 22. Nxe4 dxe4 23. Bc4+ Kf8 24. Rg3 Qf6 25. Rcg1 Ne7 26. Bb3 Rc6 27. Bb4 Rb6 28. Rxg6 Qxg6 29. Rxg6 Rxg6 30. Qxf5+ Rf6 31. Qd5 1-0

[Event "December 12 Late 2023"]
[Site "https://www.chess.com"]
[Date "2023.12.12"]
[Round "4"]
[White "Cieslak, Patryk"]
[Black "Sherman, Raem"]
[Result "0-1"]
[Board "57"]
[TimeControl "180+1"]
[WhiteFideId "21078882"]
[BlackFideId "2822288"]
[WhiteElo "2705"]
[BlackElo "2522"]
[WhiteTeam "POL"]
[BlackTeam "ISR"]
[WhiteClock "0:00:02"]
[BlackClock "0:00:39"]

1. Nf3 d5 2. e3 Nf6 3. b3 c5 4. Bb2 g6 5. c4 dxc4 6. Bxc4 Bg7 7. O-O O-O 8. Nc3 a6 9. Be2 b5 10. a4 b4 11. Nb1 Bb7 12. d3 Nbd7 13. Nbd2 Nd5 14. Qc2 Bxb2 15. Qxb2 Nc3 16. Nb1 Nxe2+ 17. Qxe2 Bxf3 18. gxf3 Ne5 19. Rd1 Qd5 20. Nd2 Rad8 21. f4 Nxd3 22. Nc4 Qe4 23. f3 Nxf4 24. Qf1 Qc2 25. exf4 Qxb3 26. Ne5 Qe3+ 27. Qf2 Qxf4 28. Nd3 Qg5+ 29. Kh1 Rd5 30. Nb2 Rfd8 31. Qe2 Qf4 32. Rxd5 Rxd5 33. Nc4 Rd4 34. Ne3 b3 35. Ng2 Qd6 36. Qe1 c4 37. Rb1 Rd3 38. f4 Rd2 39. h4 Qd5 40. Qf1 Qe4 41. Re1 Qf5 42. Ne3 Qe4+ 43. Ng2 Qc6 44. f5 b2 45. fxg6 hxg6 46. h5 c3 47. hxg6 Qxg6 48. Nf4 Qh6+ 49. Kg1 Qg5+ 50. Kh1 Qh4+ 51. Kg1 Qg3+ 52. Ng2 Qxg2+ 53. Qxg2+ Rxg2+ 54. Kxg2 c2 55. Re2 b1=Q 56. Rf2 c1=Q 57. Rf3 Qg1+ 58. Kh3 Qh7# 0-1

[Event "December 12 Late 2023"]
[Site "https://www.chess.com"]
[Date "2023.12.12"]
[Round "4"]
[White "Rosen, Eric"]
[Black "Ismayil, Malak"]
[Result "1-0"]
[Board "58"]
[TimeControl "180+1"]
[WhiteFideId "2032562"]
[BlackFideId "13412604"]
[WhiteElo "2690"]
[BlackElo "2522"]
[WhiteTeam "USA"]
[BlackTeam "AZE"]
[WhiteClock "0:00:07"]
[BlackClock "0:00:00"]

1. e4 e5 2. Nf3 Nc6 3. Nc3 Nf6 4. d4 exd4 5. Nxd4 Bc5 6. Be3 Bb4 7. Nxc6 bxc6 8. Bd3 d5 9. exd5 cxd5 10. O-O O-O 11. Bd4 c6 12. Qf3 Bd6 13. h3 Be6 14. Na4 Nd7 15. b3 c5 16. Bb2 Rc8 17. Rad1 Qg5 18. Bc1 Qf6 19. Qxf6 Nxf6 20. Rfe1 Rfd8 21. Ba6 Rc6 22. Bb5 Rc7 23. Bd2 Ne4 24. Ba5 Rb8 25. Bxc7 Bxc7 26. Bd3 Ba5 27. Bxe4 Bxe1 28. Rxe1 dxe4 29. Nxc5 Rc8 30. Nxe6 fxe6 31. c4 Rd8 32. Rxe4 Rd1+ 33. Kh2 Rd2 34. Rxe6 Rxa2 35. Re7 Rb2 36. Rb7 a5 37. Ra7 Rxb3 38. Rxa5 Rc3 39. Rc5 h5 40. h4 Kf7 41. Rc6 Rc2 42. f3 Rc3 43. Kg3 Kg8 44. Kf4 Kh7 45. Rc5 Kh6 46. Rc6+ g6 47. Kg3 Rc2 48. Rc7 Rc3 49. c5 Rc4 50. Rc8 Rc3 51. c6 g5 52. hxg5+ Kxg5 53. c7 h4+ 54. Kh2 1-0

[Event "December 12 Late 2023"]
[Site "https://www.chess.com"]
[Date "2023.12.12"]
[Round "4"]
[White "Wu, Derek"]
[Black "Karas, Marek"]
[Result "1-0"]
[Board "59"]
[TimeControl "180+1"]
[WhiteFideId "30914558"]
[BlackFideId "14928558"]
[WhiteElo "2688"]
[BlackElo "2521"]
[WhiteTeam "USA"]
[BlackTeam "CZE"]
[WhiteClock "0:00:10"]
[BlackClock "0:00:00"]

1. d4 Nf6 2. c4 g6 3. Nc3 Bg7 4. e4 d6 5. h3 O-O 6. Bg5 Nbd7 7. Qd2 e5 8. d5 a5 9. g4 Nc5 10. f3 Bd7 11. O-O-O Qe8 12. Nge2 a4 13. h4 b5 14. cxb5 Bxb5 15. Ng3 Bxf1 16. Rdxf1 Qb8 17. Kb1 a3 18. b3 Nxb3 19. axb3 Qxb3+ 20. Ka1 Rfb8 21. Rb1 Qc4 22. Rxb8+ Rxb8 23. Rb1 Rxb1+ 24. Nxb1 Nd7 25. Qc3 Qd4 26. Be3 Qd1 27. Ba7 Bh6 28. g5 Bf8 29. Ka2 Qa4 30. Be3 Nc5 31. Bxc5 dxc5 32. Nxa3 Bd6 33. Qc4 Qd1 34. Qb3 Qd2+ 35. Nc2 Qh2 36. Nf1 Qxh4 37. Qe3 f6 38. gxf6 Qxf6 39. Kb3 h5 40. Qf2 h4 41. Nce3 Qf4 42. Nh2 g5 43. Nhg4 c4+ 44. Nxc4 h3 45. Nd2 Kg7 46. Kc2 Be7 47. Qh2 Bd6 48. Qxh3 1-0

[Event "December 12 Late 2023"]
[Site "https://www.chess.com"]
[Date "2023.12.12"]
[Round "4"]
[White "Krallis, Christos"]
[Black "Tapie Amione, Pablo Adib"]
[Result "1-0"]
[Board "60"]
[TimeControl "180+1"]
[WhiteFideId "4298896"]
[BlackFideId "5107180"]
[WhiteElo "2671"]
[BlackElo "2520"]
[WhiteTeam "GRE"]
[BlackTeam "MEX"]
[WhiteClock "0:00:08"]
[BlackClock "0:00:02"]

1. Nc3 d5 2. Nf3 Nf6 3. e3 g6 4. Be2 a6 5. O-O c5 6. b3 Bg7 7. Bb2 O-O 8. d4 cxd4 9. exd4 Ne4 10. Nxe4 dxe4 11. Ne5 Nd7 12. Nxd7 Bxd7 13. c4 Rc8 14. Qd2 b5 15. d5 Bxb2 16. Qxb2 bxc4 17. bxc4 e6 18. Rfd1 Qg5 19. Qb6 Qe5 20. Qxa6 exd5 21. cxd5 Rc2 22. Rac1 Rxc1 23. Rxc1 Qxd5 24. Rd1 Qf5 25. h3 Be6 26. Bg4 Qe5 27. Bxe6 fxe6 28. Qd6 Qf5 29. Rd2 Rf7 30. Rb2 Kg7 31. a4 e5 32. a5 Rd7 33. Qa3 Rd1+ 34. Kh2 Qf4+ 35. g3 Qf3 36. Qxf3 exf3 37. Ra2 e4 38. a6 e3 39. fxe3 Re1 40. Rf2 Rxe3 41. Kg1 Ra3 42. g4 Kf6 43. Kh2 Ke5 44. Kg3 Ke4 45. a7 Rxa7 46. Rxf3 Re7 47. Rf1 Kd5 48. Kh4 Re5 49. Rd1+ Ke6 50. Ra1 Kf7 51. Ra7+ Kg8 52. Rb7 Rd5 53. Rc7 Re5 54. Kg3 Rd5 55. Kf4 Rb5 56. h4 Ra5 57. Rd7 Rb5 58. Re7 Rc5 59. Re5 Rc6 60. Kg5 Rc7 61. Kh6 Rc8 62. Re7 Rf8 63. Rg7+ Kh8 64. Rxh7+ Kg8 65. Rg7+ Kh8 66. Rxg6 Rf6 67. Rxf6 1-0

[Event "December 12 Late 2023"]
[Site "https://www.chess.com"]
[Date "2023.12.12"]
[Round "4"]
[White "Korchynskyi, Mykola"]
[Black "Piesik, Piotr"]
[Result "1-0"]
[Board "61"]
[TimeControl "180+1"]
[WhiteFideId "34138005"]
[BlackFideId "1136194"]
[WhiteElo "2519"]
[BlackElo "2671"]
[WhiteTeam "UKR"]
[BlackTeam "CZE"]
[WhiteClock "0:00:08"]
[BlackClock "0:00:00"]

1. d4 c5 2. e3 Nf6 3. Nf3 d5 4. Be2 Nc6 5. O-O Bg4 6. b3 e6 7. Bb2 cxd4 8. Nxd4 Bxe2 9. Nxe2 Bd6 10. Nd2 O-O 11. c4 Rc8 12. cxd5 Nxd5 13. Nf3 Qe7 14. Ned4 Rfd8 15. Rc1 Ncb4 16. a3 Rxc1 17. Bxc1 Na6 18. b4 Nc3 19. Qb3 Ne4 20. Bb2 Nc7 21. Rc1 Nd5 22. Qd3 Ndf6 23. h3 Bb8 24. Qc2 a6 25. b5 a5 26. Qa4 Bc7 27. Qb3 Nc5 28. Qc4 Bd6 29. b6 Nd5 30. Qb5 Nd7 31. Qxa5 N7xb6 32. Nb5 Ra8 33. Qd2 Na4 34. Ba1 Bc5 35. Nfd4 Ndb6 36. Ne2 Qg5 37. Nec3 h6 38. Ne4 Qf5 39. Nxc5 Nxc5 40. Qc3 f6 41. Qxc5 Nd5 42. Nd4 Qe4 43. Qd6 Re8 44. Qd7 Re7 45. Qd8+ Kh7 46. Qd6 1-0